 Dungeon Crawl Stone Soup version 0.28.0-53-g5a82cb258f (webtiles) character file.

Game seed: 10996588360558552603

4418 Jerry the Grappler (level 10, -8/98 HPs)
             Began as a Troll Hunter on June 23, 2022.
             Was an Initiate of Gozag.
             Killed from afar by Maggie (27 damage)
             ... with a bolt of fire
             ... on level 8 of the Dungeon.
             The game lasted 00:37:32 (7409 turns).

Jerry the Grappler (Troll Hunter)                   Turns: 7409, Time: 00:37:34

Health: -8/98      AC:  7    Str: 22    XL:     10   Next: 14%
Magic:  9/9        EV: 12    Int:  7    God:    Gozag
Gold:   597        SH:  0    Dex: 14    Spells: 9/9 levels left

rFire   . . .      SeeInvis +   x - +2 whip (vamp)
rCold   . . .      Faith    .   (no shield)
rNeg    . . .      Spirit   .   b - +0 robe
rPois   .          Reflect  .   (helmet restricted)
rElec   .          Harm     .   k - +2 cloak
rCorr   .          Rampage  .   (gloves unavailable)
Will    .....                   (boots unavailable)
Stlth   +.........              (no amulet)
HPRegen 1.06/turn               t - ring of see invisible
MPRegen 0.11/turn               (no ring)

@: studying Polearms, invisible
A: large, unfitting armour, claws 3, regeneration 1, shaggy fur 1, tough skin 1
a: Renounce Religion, Potion Petition, Call Merchant, Bribe Branch


You were on level 8 of the Dungeon.
You worshipped Gozag.
Gozag was pleased with you.
You visited 2 branches of the dungeon, and saw 9 of its levels.

You collected 819 gold pieces.
You spent 159 gold pieces at shops.
You paid 63 gold pieces to Gozag.

Inventory:

Hand Weapons
 q - a +0 spectral giant spiked club
 x - a +2 vampiric whip (weapon)
Armour
 b - a +0 robe (worn)
 k - a +2 cloak (worn)
Jewellery
 t - a ring of see invisible (left claw)
Wands
 g - a wand of paralysis (5)
 n - a wand of digging (4)
 y - a wand of flame (18)
Scrolls
 a - 2 scrolls of noise
 e - a scroll of teleportation
 h - 2 scrolls of brand weapon
 u - 2 scrolls of vulnerability
 v - a scroll of identify {unknown}
 w - 2 scrolls of enchant armour
Potions
 f - a potion of cancellation {unknown}
 i - a potion of degeneration {unknown}
 j - 3 potions of curing
 l - a potion of flight {unknown}
 o - 3 potions of berserk rage {unknown}
 r - 2 potions of brilliance {unknown}
 s - a potion of might {unknown}
 A - a potion of lignification {unknown}
 B - 3 potions of experience {unknown}


   Skills:
 + Level 5.7 Fighting
 + Level 7.1 Throwing
 + Level 5.8 Dodging
 - Level 0.3 Stealth
 * Level 9.2 Unarmed Combat


You had 9 spell levels left.
You didn't know any spells.
Your spell library contained the following spells:

 Spells                   Type           Power      Damage    Failure   Level
 Magic Dart               Conj           0%         1d3       43%         1
 Sting                    Tmut/Pois      0%         1d3       43%         1
 Poisonous Vapours        Pois/Air       0%         N/A       56%         2
 Searing Ray              Conj           0%         2d4       56%         2
 Tukima's Dance           Hex            0%         N/A       80%         3
 Fulminant Prism          Conj/Hex       0%         3d6       99%         4
 Olgreb's Toxic Radiance  Pois           0%         N/A       99%         4
 Passage of Golubria      Tloc           0%         N/A       99%         4
 Yara's Violent Unravell  Hex/Tmut       0%         3d3       100%        5


Dungeon Overview and Level Annotations

Branches:
Dungeon (8/15)             Temple (1/1) D:5            Lair (0/6) D:8

Altars:
Ashenzari
Cheibriados
Dithmenos
Elyvilon
Fedhas
Gozag
Hepliaklqana
Kikubaaqudgha
Makhleb
Nemelex Xobeh
Okawaru
Qazlal
Ru
Sif Muna
Trog
Uskayaw
Vehumet
Wu Jian
Xom
Yredelemnul
Zin
The Shining One

Shops:
D:1 *   D:3 (   D:6 :

Annotations:
D:8 Maggie


Innate Abilities, Weirdness & Mutations

You are too large for most types of armour.
You have claws for hands.
Your natural rate of healing is unusually fast.
You are covered in fur. (AC +1)
You have tough skin. (AC +1)


Message History

Maggie barely misses you. Maggie misses you.
You hit Maggie but do no damage.
Maggie is almost dead.
Maggie zaps a wand.
The bolt of acid misses you.
You catch the helpless Maggie completely off-guard!
You hit Maggie but do no damage.
Maggie is almost dead.
Maggie barely misses you.
You hit Maggie but do no damage.
Maggie is almost dead.
Maggie points at you and mumbles some strange words.
The bolt of fire misses you.
You barely miss Maggie.
Maggie is almost dead.
Maggie misses you.
You hit Maggie but do no damage.
Maggie is almost dead.
Maggie gestures wildly while chanting.
You barely miss Maggie.
Maggie is almost dead.
Maggie hits you with a +0 broad axe!
You hit Maggie but do no damage.
Maggie is almost dead.
Maggie casts a spell.
You barely miss Maggie.
Maggie is almost dead.
You are no longer corroded.
Maggie casts a spell at you. The bolt of fire misses you.
You closely miss Maggie.
Maggie is almost dead.
Maggie hits you with a +0 broad axe!
You hit Maggie.
Maggie is almost dead.
Maggie hits you with a +0 broad axe!
* * * LOW HITPOINT WARNING * * *
Maggie gestures at you while chanting. The bolt of fire hits you!!
You die...
Your body crumbles into a pile of gold.

#.#...................<..
##...##..................[
######....###.....#............
#.................#.........###
*##.......................#.**
#....#............<........,**
**#..........................,,*
*#....##@#..........##........,,,
*#..#**#.#......@@..##..#.##..,,,
>.,** ##.#...........#..#,#*,,,,,
*.#####..#..............#,,,,,,,,
,........#..(.......#....***,,,,,
*........#(..########..#.#**,,,,,
*..../...(..## *......,,,,,,,
,........(#.#*******,,,*,,*,,,,,,
,.............,,,,,,,*,,*,*,,,,,,
,##.....##......,,,>,,,,,,,,,^,,,


You could see Maggie.

Vanquished Creatures
  A two-headed ogre (D:5)
  2 hornets
  A wyvern (D:7)
  2 steam dragons (D:7)
  An acid dragon (D:5)
  A water moccasin (D:5)
  A hornet zombie (D:7)
  2 black bears
  2 necrophages (D:5)
  A sky beast (D:5)
  6 ogres
  3 centaurs
  2 kobold brigands
  A scorpion (D:5)
  A wyvern zombie (D:8)
  9 killer bees
  A centaur zombie (D:7)
  6 hounds
  A centaur skeleton (D:6)
  A bullfrog zombie (D:6)
  4 orc priests
  Crazy Yiuf (D:3)
  2 bullfrog skeletons
  Natasha (twice) (D:3 D:2)
  3 iguanas
  4 orc wizards
  A gnoll (D:3)
  10 adders
  3 shadow imps
  2 worms (D:3)
  2 dart slugs (D:3)
  13 orcs
  5 endoplasms
  2 giant cockroaches
  4 goblins
  9 hobgoblins
  18 kobolds
  2 quokkas
  9 ball pythons
  4 bats
  A frilled lizard (D:3)
  4 rats
150 creatures vanquished.

Vanquished Creatures (others)
  A fungus (D:3)
1 creature vanquished.

Grand Total: 151 creatures vanquished

Notes
Turn   | Place    | Note
-------+----------+-------------------------------------------
     0 | D:1      | Jerry the Troll Hunter began the quest for the Orb.
     0 | D:1      | Reached XP level 1. HP: 19/19 MP: 0/0
   234 | D:1      | Reached XP level 2. HP: 28/28 MP: 1/1
   286 | D:1      | Found Neriv's General Store.
   410 | D:1      | Found a faded altar of an unknown god.
   523 | D:2      | Reached XP level 3. HP: 35/35 MP: 2/2
   871 | D:2      | Reached skill level 1 in Unarmed Combat
   969 | D:2      | Reached XP level 4. HP: 40/42 MP: 3/3
  1206 | D:3      | Reached skill level 2 in Unarmed Combat
  1214 | D:3      | Reached XP level 5. HP: 50/50 MP: 4/4
  1256 | D:3      | Noticed Natasha
  1448 | D:3      | Killed Natasha
  1537 | D:3      | Found Irure's Weapon Shop.
  1644 | D:3      | Reached skill level 3 in Unarmed Combat
  1776 | D:3      | Reached XP level 6. HP: 41/59 MP: 5/5
  1860 | D:3      | Noticed Natasha
  1889 | D:2      | Killed Natasha
  2105 | D:3      | Found a runed translucent door.
  2106 | D:3      | Noticed Crazy Yiuf
  2265 | D:4      | Found an ornate altar of the Wu Jian Council.
  2268 | D:4      | Found a sparkling altar of Nemelex Xobeh.
  2272 | D:4      | Found an iron altar of Okawaru.
  2272 | D:4      | Found a bloodstained altar of Trog.
  2272 | D:4      | Found a white marble altar of Elyvilon.
  2272 | D:4      | Found a blossoming altar of Fedhas.
  2273 | D:4      | Found a snail-covered altar of Cheibriados.
  2274 | D:4      | Found a hazy altar of Hepliaklqana.
  2275 | D:4      | Found a broken altar of Ashenzari.
  2277 | D:4      | Found a shadowy altar of Dithmenos.
  2644 | D:4      | Reached skill level 4 in Unarmed Combat
  2657 | D:4      | Reached XP level 7. HP: 67/67 MP: 6/6
  2793 | D:5      | Entered Level 5 of the Dungeon
  2935 | D:4      | Reached skill level 5 in Throwing
  2995 | D:5      | Found a staircase to the Ecumenical Temple.
  3031 | Temple   | Entered the Ecumenical Temple
  3235 | Temple   | Became a worshipper of Gozag Ym Sagoz the Greedy
  3368 | D:5      | Noticed a two-headed ogre
  3369 | D:5      | Reached skill level 5 in Unarmed Combat
  3405 | D:5      | Killed a two-headed ogre
  3406 | D:5      | Reached skill level 6 in Unarmed Combat
  3406 | D:5      | Reached XP level 8. HP: 78/78 MP: 7/7
  3567 | D:3      | Bought a +1 vampiric whip for 159 gold pieces
  3626 | D:3      | Killed Crazy Yiuf
  3967 | D:5      | Reached skill level 7 in Unarmed Combat
  3967 | D:5      | Reached XP level 9. HP: 78/84 MP: 8/8
  4598 | D:6      | Reached skill level 5 in Dodging
  5007 | D:6      | Reached skill level 5 in Fighting
  5106 | D:6      | Found Mufred's Book Shop.
  5346 | D:6      | Found a sacrificial altar of Ru.
  5525 | D:6      | Reached skill level 8 in Unarmed Combat
  6497 | D:7      | Paralysed by a hornet for 3 turns
  6503 | D:7      | Reached XP level 10. HP: 14/97 MP: 9/9
  6797 | D:7      | Reached skill level 9 in Unarmed Combat
  6915 | D:8      | Noticed Maggie
  7021 | D:8      | Noticed a two-headed ogre
  7409 | D:8      | Killed from afar by Maggie

Illustrated notes

Levels and vault maps discovered:
D:1:      nicolae_arrival_memento_mori, layout_rooms,
          shapermc_ecumenical_altar_hornbeckon, serial_shops, shop_fountains
D:2:      layout_basic
D:3:      layout_basic, serial_shops, shop, cheibrodos_gnoll_hut,
          uniq_crazy_yiuf_cottage, uniq_natasha
D:4:      layout_rooms, minitemple
D:5:      layout_rooms, minmay_temple_entry_waves,
          eino_small_chamber_without_monster, minmay_misc_feat_encased,
          grunt_ministairs_13, minmay_manual_moon
D:6:      layout_loops_ring, nicolae_ru_path_of_blood, serial_shops,
          nicolae_shop_statue_plus
D:7:      layout_loops_cross
D:8:      layout_rooms, lair_entry_dummy, uniq_maggie
Temple:   minmay_temple_curvy_loop

Skill      XL: |  1  2  3  4  5  6  7  8  9 10 |
---------------+-------------------------------+-----
Fighting       | 2 3 4 5 |  5.7
Dodging        | 2 3 4 5 |  5.8
Throwing       | 4 5 6 7 |  7.1
Unarmed Combat | 1 2 3 4 6 7 8 9 |  9.2
Stealth        | |  0.3

Action                   |  1- 3 |  4- 6 |  7- 9 | 10-12 || total
-------------------------+-------+-------+-------+-------++-------
Melee: Short sword       |    87 |       |       |       ||    87
       Punch             |     2 |     8 |    30 |     7 ||    47
       Whip              |    74 |   378 |   482 |    92 ||  1026
Throw: Large rock        |     2 |     7 |    25 |     4 ||    38
       Throwing net      |       |       |     2 |     1 ||     3
       Dart              |       |       |     1 |       ||     1
  Use: Scroll            |       |       |    11 |     3 ||    14
       Potion            |       |       |     2 |     4 ||     6
 Stab: Invisible         |       |       |       |     6 ||     6
Armor: Robe              |    76 |   116 |   226 |    39 ||   457
Dodge: Dodged            |   116 |   201 |   385 |    87 ||   789
